 Dungeon Crawl Stone Soup version 0.23.2 (webtiles) character file.

Game seed: 12456851909400185109

5126 Peloso the Carver (level 10, -4/84 HPs)
             Began as a Minotaur Fighter on Apr 9, 2019.
             Was a Priest of Okawaru.
             Slain by an orc warlord
             ... wielding a +0 long sword
              (38 damage)
             ... in a bailey.
             The game lasted 00:15:04 (6261 turns).

Peloso the Carver (Minotaur Fighter)                Turns: 6261, Time: 00:15:04

Health: -4/84      AC: 14    Str: 28    XL:     10   Next: 32%
Magic:  6/9        EV: 20    Int:  5    God:    Okawaru [***...]
Gold:   366        SH: 15    Dex: 16    Spells: 9/9 levels left

rFire    + . .     SeeInvis .   a - +0 scimitar (flame)
rCold    + . .     Gourm    .   c - +0 shield
rNeg     . . .     Faith    .   G - +3 scale mail of Entitlement {rElec rPois}
rPois    +         Spirit   .   (helmet restricted)
rElec    +         Reflect  .   v - scarf {rC+ rF+}
rCorr    .         Harm     .   (no gloves)
MR       .....                  z - +0 pair of boots
Stlth    ++........             H - amulet of regeneration
HPRegen  0.64/turn              l - +5 ring of dexterity
MPRegen  0.11/turn              x - +4 ring of evasion

@: mighty, heroism
A: retaliatory headbutt, horns 2
a: Heroism, Renounce Religion


You were in a bailey.
You worshipped Okawaru.
Okawaru was most pleased with you.
You were not hungry.

You visited 2 branches of the dungeon, and saw 9 of its levels.
You also visited: Bailey.

You collected 366 gold pieces.

Inventory:

Hand Weapons
 a - a +0 scimitar of flaming (weapon)
Armour
 b - a +0 scale mail
 c - a +0 shield (worn)
 v - a scarf of resistance (worn)
 z - a +0 pair of boots (worn)
 G - the +3 scale mail of Entitlement (worn) {rElec rPois}
   (You found it on level 5 of the Dungeon)

   It insulates you from electricity.
   It protects you from poison.
Jewellery
 l - a +5 ring of dexterity (left hand)
 x - a +4 ring of evasion (right hand)
 H - an amulet of regeneration (around neck)
Wands
 D - a wand of iceblast (18)
 J - a wand of flame (25)
 M - a wand of random effects (6)
Scrolls
 e - 2 scrolls of blinking {unknown}
 g - 3 scrolls of remove curse
 j - 2 scrolls of fog {unknown}
 m - a scroll of fear {unknown}
 n - a scroll of random uselessness {unknown}
 q - 5 scrolls of teleportation
 r - a scroll of identify
 s - a scroll of noise {unknown}
 u - a scroll of enchant weapon {unknown}
 w - 2 scrolls of immolation {unknown}
 y - 2 scrolls of enchant armour {unknown}
 B - a scroll of silence {unknown}
 I - a scroll of amnesia {unknown}
Potions
 d - 2 potions of might
 h - 2 potions of brilliance
 i - a potion of ambrosia
 k - 2 potions of agility
 o - a potion of flight {unknown}
 p - 2 potions of mutation {unknown}
 t - 3 potions of invisibility
 A - 3 potions of degeneration {unknown}
 C - a potion of magic {unknown}
 E - a potion of heal wounds {unknown}
 F - 2 potions of resistance {unknown}
 K - a potion of lignification {unknown}
Comestibles
 f - 14 rations
 L - 6 chunks of flesh


   Skills:
 + Level 6.7(11.7) Fighting
 + Level 11.7(16.7) Long Blades
 + Level 8.6(13.6) Armour
 + Level 3.5(8.5) Dodging
 + Level 0.5(5.5) Stealth
 + Level 10.0(15.0) Shields
 + Level 1.1 Invocations


You had 9 spell levels left.
You didn't know any spells.
Your spell library contained the following spells:

 Spells                   Type           Power        Failure   Level  Hunger
 Animate Skeleton         Necr           N/A          67%         1    ##.....
 Apportation              Tloc           #.....       67%         1    ##.....
 Confusing Touch          Hex            #.....       67%         1    ##.....
 Summon Small Mammal      Summ           #...         67%         1    ##.....
 Call Imp                 Summ           #.......     82%         2    ###....
 Call Canine Familiar     Summ           #.......     96%         3    ####...
 Summon Guardian Golem    Hex/Summ       #.......     96%         3    ####...
 Summon Ice Beast         Ice/Summ       #.......     100%        4    #####..
 Summon Lightning Spire   Summ/Air       #.......     100%        4    #####..


Dungeon Overview and Level Annotations

Branches:
Dungeon (8/15)             Temple (1/1) D:6
   Lair: D:8-11

Altars:
Ashenzari
Cheibriados
Elyvilon
Fedhas
Gozag
Hepliaklqana
Kikubaaqudgha
Makhleb
Nemelex Xobeh
Okawaru
Qazlal
Sif Muna
Trog
Uskayaw
Vehumet
Wu Jian
Xom
Yredelemnul

Shops:
D:4 *   D:6 %


Innate Abilities, Weirdness & Mutations

You reflexively headbutt those who attack you in melee.
You have a pair of horns on your head.


Message History

You hit the orc warlord. You burn the orc warlord.
The orc warlord is moderately wounded.
The orc warrior no longer looks unusually strong.
You block the orc knight's attack.
The orc warlord hits you with a +0 long sword!
Unknown command.
You hit the orc warlord. You burn the orc warlord.
You headbutt the orc warlord.
The orc warlord is moderately wounded.
The orc knight misses you.
You riposte.
You hit the orc knight but do no damage.
Your headbutt misses the orc knight.
Unknown command.
You barely miss the orc warlord.
The orc warlord is moderately wounded.
An orc warrior comes into view. It is wielding a +0 war axe.
The orc knight roars a battlecry!
The orcs go into a battle-frenzy!
The orc warlord hits you with a +0 long sword!!!
You die...

###.....### ###...
##.........###.....
#...........#......
#...........'......
#.....⌠.....#.....⌠
#...........#......
#...).......#......
##.).......###.....
#@#.....### ###...
#..ooo###.### ###.
#!...oggg ### ##
?!.....goo #
?........g8 #
∩....⌠.....o #
!.........8#. #
?!........8##. # #


You could see an orc warlord, 2 orc knights, 2 orc warriors, 2 gnolls, 2 orcs
and 3 hobgoblins.

Vanquished Creatures
  Erica (D:8)
  2 orc knights (Bailey)
  Grinder (D:5)
  A hippogriff (D:7)
  A hungry ghost (D:8)
  Eustachio (D:5)
  Duvessa (D:7)
  2 sky beasts
  A black bear (D:7)
  5 orc warriors (Bailey)
  A centaur (D:6)
  3 ogres
  2 bullfrogs
  Dowan (D:7)
  2 scorpions
  11 wights
  3 howler monkeys
  A bullfrog zombie (D:6)
  A crimson imp (D:7)
  2 hounds
  2 orc priests
  3 orc wizards
  A centaur skeleton (D:7)
  2 centaur zombies
  An iguana (D:4)
  Natasha (thrice) (D:2)
  4 worker ants
  A killer bee zombie (D:8)
  A hound skeleton (D:5)
  3 worker ant zombies
  7 gnolls (Bailey)
  9 adders
  A shadow imp (D:5)
  4 worms
  2 dart slugs
  5 leopard geckos
  24 orcs
  4 giant cockroaches
  11 hobgoblins
  12 jackals
  4 quokkas
  3 ball pythons
  8 bats
  13 frilled lizards
  23 goblins
  A jackal skeleton (D:4)
  11 kobolds
  A leopard gecko skeleton (D:4)
  A leopard gecko zombie (D:5)
  6 rats
214 creatures vanquished.

Notes
Turn   | Place    | Note
-------+----------+-------------------------------------------
     0 | D:1      | Peloso the Minotaur Fighter began the quest for the Orb.
     0 | D:1      | Reached XP level 1. HP: 19/19 MP: 0/0
     8 | D:1      | Noticed a centaur
   259 | D:1      | Reached XP level 2. HP: 26/27 MP: 1/1
   802 | D:2      | Found an ornate altar of the Wu Jian Council.
   877 | D:2      | Reached XP level 3. HP: 33/33 MP: 2/2
  1049 | D:2      | Noticed Natasha
  1057 | D:2      | Killed Natasha
  1057 | D:2      | Reached skill level 3 in Long Blades
  1057 | D:2      | Reached XP level 4. HP: 40/40 MP: 3/3
  1142 | D:2      | Noticed Natasha
  1146 | D:2      | Killed Natasha
  1233 | D:2      | Noticed Natasha
  1241 | D:2      | Killed Natasha
  1241 | D:2      | Reached skill level 4 in Long Blades
  1569 | D:3      | Reached XP level 5. HP: 45/46 MP: 4/4
  1803 | D:3      | Reached skill level 5 in Shields
  1819 | D:3      | Reached skill level 5 in Armour
  2304 | D:4      | Noticed an ogre
  2309 | D:4      | Killed an ogre
  2309 | D:4      | Reached skill level 5 in Long Blades
  2309 | D:4      | Reached XP level 6. HP: 37/52 MP: 5/5
  2348 | D:4      | Found a stormy altar of Qazlal.
  2701 | D:4      | Found Gozag's Platinum Reserve.
  2702 | D:4      | Found an opulent altar of Gozag.
  2774 | D:4      | Reached skill level 6 in Long Blades
  2774 | D:4      | Reached XP level 7. HP: 60/60 MP: 6/6
  2840 | D:4      | Reached skill level 1 in Dodging
  3218 | D:5      | Entered Level 5 of the Dungeon
  3241 | D:5      | Noticed Grinder
  3262 | D:5      | Paralysed by Grinder for 5 turns
  3276 | D:5      | Paralysed by Grinder for 3 turns
  3281 | D:5      | Killed Grinder
  3281 | D:5      | Reached skill level 7 in Long Blades
  3465 | D:5      | Noticed Eustachio
  3497 | D:5      | Killed Eustachio
  3497 | D:5      | Reached skill level 5 in Fighting
  3527 | D:5      | Reached XP level 8. HP: 65/68 MP: 7/7
  3674 | D:5      | Got a twisted scale mail
  3685 | D:5      | Identified the +3 scale mail of Entitlement {rElec rPois}
                  | (You found it on level 5 of the Dungeon)
  3835 | D:5      | Found a snail-covered altar of Cheibriados.
  4030 | D:6      | Reached skill level 8 in Long Blades
  4301 | D:6      | Reached skill level 9 in Long Blades
  4459 | D:6      | Found a staircase to the Ecumenical Temple.
  4465 | Temple   | Entered the Ecumenical Temple
  4567 | Temple   | Became a worshipper of Warmaster Okawaru
  4747 | D:6      | Found Ahook's Food Shoppe.
  4997 | D:7      | Reached XP level 9. HP: 74/74 MP: 8/8
  5305 | D:7      | Reached * piety under Okawaru
  5473 | D:7      | Noticed Duvessa
  5474 | D:7      | Noticed Dowan
  5484 | D:7      | Killed Duvessa
  5486 | D:7      | Killed Dowan
  5510 | D:7      | Found a sparkling altar of Nemelex Xobeh.
  5605 | D:7      | Reached skill level 10 in Long Blades
  5737 | D:8      | Found a flagged portal.
  5819 | D:8      | Noticed Erica
  5846 | D:8      | Killed Erica
  5846 | D:8      | Reached ** piety under Okawaru
  5936 | Bailey   | Entered a bailey
  6224 | Bailey   | Noticed an orc knight
  6233 | Bailey   | Reached XP level 10. HP: 76/84 MP: 6/9
  6234 | Bailey   | Reached skill level 1 in Invocations
  6237 | Bailey   | Reached skill level 11 in Long Blades
  6241 | Bailey   | Noticed an orc knight
  6243 | Bailey   | Killed an orc knight
  6243 | Bailey   | Reached *** piety under Okawaru
  6245 | Bailey   | Noticed an orc knight
  6249 | Bailey   | Noticed an orc warlord
  6254 | Bailey   | Noticed an orc knight
  6255 | Bailey   | Killed an orc knight
  6255 | Bailey   | Reached skill level 10 in Shields
  6261 | Bailey   | Slain by an orc warlord

Skill      XL: |  1  2  3  4  5  6  7  8  9 10 |
---------------+-------------------------------+-----
Armour         | 4 5 6 7 8 |  8.6
Shields        | 4 5 6 8 9 10 | 10.0
Long Blades    | 3 4 5 6 7 9 10 11 | 11.7
Fighting       | 4 5 6 |  6.7
Dodging        | 1 3 |  3.5
Invocations    | 1 |  1.1
Stealth        | |  0.5

Action                   |  1- 3 |  4- 6 |  7- 9 | 10-12 || total
-------------------------+-------+-------+-------+-------++-------
Melee: Long sword        |    68 |   131 |   300 |       ||   499
       Headbutt          |    15 |    30 |   105 |    12 ||   162
       Scimitar          |       |       |    50 |    23 ||    73
Invok: Heroism           |       |       |     1 |     1 ||     2
Evoke: Wand              |       |    20 |       |       ||    20
  Use: Scroll            |       |       |     5 |       ||     5
       Potion            |       |       |       |     1 ||     1
  Eat: Chunk             |       |     6 |    10 |       ||    16
       Ration            |       |       |     1 |       ||     1
Armor: Scale mail        |    29 |    55 |    67 |     1 ||   152
       Chain mail        |       |    13 |    38 |       ||    51
Dodge: Dodged            |    23 |    47 |   157 |     9 ||   236
Block: Shield            |    36 |    77 |   207 |     8 ||   328
       Rpst.: Long sword |     7 |    16 |    23 |       ||    46
       Scimitar          |       |       |    10 |     4 ||    14
